 Dungeon Crawl Stone Soup version 0.30-a0-696-g2367cd04db (webtiles) character file.

Game seed: 12201961398921207650

779 tilp the Trooper (level 8, -8/67 HPs)
             Began as a Meteoran Fighter on Jan 20, 2023.
             Mangled by an ogre
             ... wielding a +0 giant spiked club
              (30 damage)
             ... on level 5 of the Dungeon.
             The game lasted 00:11:01 (2395 turns).

tilp the Trooper (Meteoran Fighter)                 Turns: 2395, Time: 00:11:01

Health: -8/67      AC: 13    Str: 23    XL:     8   Next: 32%
Magic:  9/9        EV:  6    Int: 11    God:
Gold:   203        SH:  0    Dex: 15    Spells: 7/7 levels left

rFire   . . .      SeeInvis .    a - +0 long sword
rCold   . . .      Faith    .    l - +0 kite shield
rNeg    . . .      Spirit   .    q - +0 plate armour
rPois   .          Reflect  .    (no helmet)
rElec   .          Harm     .    (no cloak)
rCorr   .          Rampage  .    F - +0 pair of gloves
Will    +....                    (no boots) Stlth
                                 (no amulet)
HPRegen 0.31/turn                k - +6 ring of strength
MPRegen 0.11/turn                (no ring)

@: confused, glowing
A: sense surroundings 1, otherworldly, glowing, explore regen
a: no special abilities


You were on level 5 of the Dungeon.
You visited 1 branch of the dungeon, and saw 6 of its levels.

You collected 203 gold pieces.

Inventory:

Hand Weapons
 a - a +0 long sword (weapon)
 b - a +0 antimagic dagger
Missiles
 e - 28 stones (quivered)
 g - a throwing net {!f}
 n - 6 javelins
 t - 6 poisoned darts
 u - a boomerang
Armour
 l - a +0 kite shield (worn)
 q - a +0 plate armour (worn)
 v - a +0 scale mail
 w - a +0 chain mail
 F - a +0 pair of gloves (worn)
Jewellery
 c - an amulet of regeneration
 k - a +6 ring of strength (left hand)
 p - a ring of flight
Wands
 D - a wand of charming (8)
Scrolls
 f - a scroll of enchant weapon {unknown}
 h - 2 scrolls of silence {unknown}
 o - a scroll of magic mapping {unknown}
 r - 2 scrolls of noise {unknown}
 s - a scroll of butterflies
 x - 2 scrolls of immolation
 y - a scroll of amnesia
 A - a scroll of enchant armour {unknown}
 G - 2 scrolls of identify {unknown}
 H - a scroll of vulnerability {unknown}
Potions
 d - 3 potions of might
 j - a potion of heal wounds {unknown}
 m - a potion of degeneration {unknown}
 z - 2 potions of lignification {unknown}
 B - a potion of berserk rage {unknown}
 C - 2 potions of flight {unknown}
 E - a potion of mutation {unknown}


   Skills:
 * Level 4.9 Fighting
 + Level 4.5 Long Blades
 + Level 2.9 Throwing
 + Level 4.5 Armour
 + Level 4.4 Dodging
 * Level 2.9 Stealth
 + Level 4.6 Shields


You had 7 spell levels left.
You didn't know any spells.
Your spell library was empty.

Dungeon Overview and Level Annotations

Branches:
Dungeon (6/15) Zot: 1046
 Temple: D:4-7

Altars:
The Shining One

Shops:
D:4 (


Innate Abilities, Weirdness & Mutations

You passively map a small area around you.
You are easily found by Zot.
You glow in the dark.
You regain HP and MP as you explore.


Message History

Something tries to affect you, but you resist.
You miss something.
You hear some strange, mumbled words.
You are confused.
You closely miss something.
Something hits you but does no damage. x2
Unknown command.
You're too confused to move!
Something hits you but does no damage. Something completely misses you.
Something hits you but does no damage.
You bump into the rock wall.
An orc wizard appears from thin air!
Reactivating autopickup.
The orc wizard hits you but does no damage.
You closely miss the orc wizard.
The orc wizard is heavily wounded.
You feel less confused.
An ogre comes into view. It is wielding a +0 giant spiked club.
The orc wizard casts a spell at you.
You are confused.
The orc wizard gestures wildly while chanting.
The orc wizard flickers and vanishes!
Deactivating autopickup; reactivate with Ctrl-A.
The ogre moves out of view.
Something hits you but does no damage. Something hits you but does no damage.
You miss something. Something hits you but does no damage. Something hits you.
* * * LOW HITPOINT WARNING * * *
You're too confused to move!
Something hits you but does no damage. x2
You feel less confused.
The ogre hits you with a +0 giant spiked club!
* * * LOW HITPOINT WARNING * * *
The ogre attacks as you move away! The ogre completely misses you.
Something hits you but does no damage. Something hits you but does no damage.
You block something's attack.
You hear some strange, mumbled words.
Something tries to affect you, but you resist.
You hear some strange, mumbled words.
You are confused.
The ogre hits you with a +0 giant spiked club!!
You die...

.#.# #.......... ..<#
#........... , ##.#####
#...........
..###...######.(.......... *
...#.###..o.oo............
....#...#######...........
...)#...)#.#####.....#... *
#...#.....#...##......#####
.###.#....#....#@...#......,
#...###...#.....#O.........
#....#.###.#....#..........,
#.....#...###...#......###.
.#....#....#.###.#.....# *,
###...#..<..#..)##.....#
.#.###.#....#..).#.##..# *
..# ,.###...#.....#....###.
..# , #.###.#....#........


You could see an ogre.

Vanquished Creatures
  Blork the orc (D:5)
  2 scorpions (D:3)
  A crimson imp (D:5)
  2 hounds (D:4)
  3 orc priests
  7 orc wizards
  5 gnolls (D:2)
  7 adders
  2 white imps
  3 worms
  3 dart slugs
  17 orcs
  6 ball pythons
  8 endoplasms
  5 giant cockroaches
  4 goblins
  2 hobgoblins
  5 jackals
  4 kobolds
  2 quokkas
  3 bats
  2 frilled lizards
94 creatures vanquished.

Notes
Turn   | Place    | Note
-------+----------+-------------------------------------------
     0 | D:1      | tilp the Meteoran Fighter began the quest for the Orb.
     0 | D:1      | Reached XP level 1. HP: 19/19 MP: 2/2
   101 | D:1      | Reached XP level 2. HP: 26/26 MP: 3/3
   130 | D:1      | Reached skill level 1 in Dodging
   232 | D:1      | Reached XP level 3. HP: 29/31 MP: 4/4
   382 | D:2      | Reached XP level 4. HP: 31/38 MP: 5/5
   472 | D:2      | Reached XP level 5. HP: 37/46 MP: 6/6
   568 | D:3      | Reached skill level 1 in Throwing
   585 | D:3      | Reached skill level 1 in Stealth
   599 | D:3      | Found a faded altar of an unknown god.
   948 | D:3      | Reached XP level 6. HP: 52/52 MP: 7/7
  1107 | D:3      | Reached XP level 7. HP: 32/59 MP: 8/8
  1140 | D:5      | Entered Level 5 of the Dungeon
  1196 | D:4      | Found a glowing golden altar of the Shining One.
  1622 | D:5      | Noticed Blork the orc
  1637 | D:5      | Killed Blork the orc
  1723 | D:5      | Reached XP level 8. HP: 61/67 MP: 9/9
  1754 | D:4      | Found Mibot's Weapon Emporium.
  2395 | D:5      | Mangled by an ogre

Illustrated notes

Levels and vault maps discovered:
D:1:      dpeg_arrival_arbitrary_a, layout_basic
D:2:      layout_basic, grunt_decor_resistance, minmay_pentomino_o2, uniq_robin
D:3:      layout_loops_cross, shapermc_ecumenical_altar_hornbeckon
D:4:      layout_basic, mainiacjoe_overflow_alcove_4, serial_shops,
          nicolae_shop_behind_doors, dreamdust_mushroom_princess,
          amethyst_killhole, minmay_misc_feat_cross
D:5:      nicolae_BIG_FREAKIN_CUBE, layout_rooms, minmay_fire_ice_demons,
          uniq_blork_the_orc
D:6:      layout_basic, cheibrodos_worm_habitat,
          mainiacjoe_overflow_concentric_impassable,
          minmay_temple_entry_statues, uniq_maggie, uniq_pikel

Skill      XL: |  1  2  3  4  5  6 |
---------------+-------------------+-----
Dodging        | 1 2 3 4 |  4.4
Shields        | 4 |  4.6
Long Blades    | 3 4 |  4.5
Armour         | 4 |  4.5
Throwing       | 1 2 |  2.9
Stealth        | 1 2 |  2.9
Fighting       | 4 |  4.9

Action                   |  1- 3 |  4- 6 |  7- 9 || total
-------------------------+-------+-------+-------++-------
Melee: Long sword        |    82 |   131 |   195 ||   408
Throw: Stone             |     2 |     2 |     3 ||     7
  Use: Scroll            |       |       |     6 ||     6
       Potion            |       |       |     4 ||     4
Armor: Scale mail        |    31 |    35 |       ||    66
       Plate armour      |       |    33 |   165 ||   198
Dodge: Dodged            |    23 |    40 |    49 ||   112
Block: Buckler           |    14 |     3 |       ||    17
       Kite shield       |       |    60 |    95 ||   155

Table legend: (Time is in decaauts)
 A = Elapsed time spent in this place.
 B = Non-inter-level travel time spent in this place.
 C = Inter-level travel time spent in this place.
 D = Time resting spent in this place.
 E = Time spent auto-exploring this place.
 F = Levels seen in this place.
 G = Mean time per level.
                   A        B        C        D        E       F      G
               +--------+--------+--------+--------+--------+-----+--------+
         Total |   2552 |   2181 |    371 |     11 |      0 |   6 |  425.3 |
       Dungeon |   2552 |   2181 |    371 |     11 |      0 |   6 |  425.3 |
               +--------+--------+--------+--------+--------+-----+--------+

Top non-repeatable levels by time:
     D:4: 827 daAuts
     D:3: 614 daAuts
     D:5: 537 daAuts
     D:2: 315 daAuts
     D:1: 251 daAuts
     D:6: 6 daAuts
